AoeStats
← Peru_o_O

African Clearing

510461280Analyzed
3v3 RM · 1d ago on Oct 1, 2026· 59m 46s· 6 players
Game mode
Random Map
Map size
Normal (6 player)
Population
200
Speed
Normal
Resources
Standard
Victory
Conquest
Starting age
Dark Age
Ending age
Imperial Age
RankedLock teamsTeams togetherTeam positionsShared explorationLock speedFull tech treeHidden civsTurbo modeCheats
Victory
Defeat
🇨🇴 Huns · Colombia
1248
+15
🇵🇪 Lithuanians · Peru
1231
+16
🇵🇪 Persians · Peru
1221
+16
🇵🇪 Huns · Peru
1254
-16
🇵🇪 Mongols · Peru
1230
-16
🇵🇪 Spanish · Peru
1209
-15
Peru_Rush
4:53 Loom
13:40 Feudal Age
18:06 Castle Age
16:25 Double-Bit Axe
16:35 Stone Mining
17:11 Horse Collar
18:02 Gold Mining
18:53 Wheelbarrow
27:36 Forging
28:17 Hand Cart
29:48 Scale Barding Armor
30:50 Chain Barding Armor
30:40 Husbandry
31:29 Bloodlines
31:16 Town Watch
33:56 Stone Shaft Mining
38:08 Imperial Age
38:32 Iron Casting
39:19 Conscription
39:49 Cavalier
41:06 Plate Barding Armor
41:11 Paladin
48:02 Fletching
51:03 Light Cavalry
54:40 Elite Leitis
57:38 Bow Saw
57:30 Heavy Plow
Peru_o_O
3:39 Loom
12:18 Feudal Age
12:45 Double-Bit Axe
16:49 Wheelbarrow
18:41 Scale Barding Armor
24:28 Castle Age
24:40 Horse Collar
28:27 Bloodlines
34:51 Fletching
35:19 Hand Cart
35:53 Bodkin Arrow
36:20 Bow Saw
36:06 Elite Skirmisher
38:59 Crossbowman
39:44 Thumb Ring
48:57 Ballistics
54:11 Imperial Age
53:59 Forging
54:28 Chain Barding Armor
55:34 Iron Casting
56:12 Husbandry
57:01 Plate Barding Armor
56:21 Elite War Elephant
59:39 Blast Furnace
60:25 Conscription
[IMGG]Poncho
7:24 Loom
12:08 Feudal Age
13:04 Double-Bit Axe
20:27 Castle Age
19:02 Gold Mining
20:10 Town Watch
22:01 Fletching
23:33 Padded Archer Armor
26:15 Husbandry
34:02 Bloodlines
34:46 Bodkin Arrow
39:02 Leather Archer Armor
49:43 Thumb Ring
51:47 Ballistics
59:17 Horse Collar
wh_halcon
3:35 Loom
13:59 Feudal Age
14:42 Double-Bit Axe
16:42 Scale Barding Armor
16:48 Forging
17:30 Horse Collar
18:34 Bloodlines
23:34 Castle Age
22:16 Padded Archer Armor
22:31 Fletching
24:55 Leather Archer Armor
24:35 Bodkin Arrow
31:20 Ballistics
31:31 Bow Saw
32:05 Chain Barding Armor
35:42 Iron Casting
35:42 Heavy Plow
38:03 Wheelbarrow
37:13 Town Watch
38:52 Gold Mining
43:25 Imperial Age
43:11 Gold Shaft Mining
43:47 Hand Cart
44:22 Bracer
43:48 Heavy Cavalry Archer
44:58 Parthian Tactics
45:35 Chemistry
44:58 Stone Mining
46:54 Plate Barding Armor
47:20 Blast Furnace
49:10 Two-Man Saw
48:28 Town Patrol
54:07 Husbandry
53:29 Cavalier
54:57 Paladin
ricardoage08
5:13 Loom
12:20 Feudal Age
13:02 Double-Bit Axe
15:18 Forging
23:52 Horse Collar
24:30 Scale Barding Armor
25:10 Bloodlines
29:58 Castle Age
28:53 Gold Mining
31:06 Husbandry
32:05 Light Cavalry
37:17 Chain Barding Armor
43:24 Iron Casting
54:30 Imperial Age
Jolman
14:16 Feudal Age
17:52 Castle Age
17:31 Loom
21:41 Padded Archer Armor
24:09 Leather Archer Armor
29:05 Gold Mining
30:01 Town Watch
30:17 Stone Mining
36:58 Ballistics
39:47 Imperial Age
38:07 Masonry
39:18 Husbandry
40:26 Wheelbarrow
40:28 Bloodlines
40:56 Conscription
42:11 Supremacy
44:23 Chemistry
43:54 Fletching
45:26 Ring Archer Armor
45:34 Bodkin Arrow
47:38 Elite Conquistador
49:01 Hoardings
48:34 Horse Collar
49:31 Scale Mail Armor
49:42 Forging
50:08 Pikeman
50:49 Squires
51:05 Chain Mail Armor
51:24 Halberdier
52:36 Plate Mail Armor
53:06 Iron Casting
53:44 Hoardings
Connection lost

Rejoining the realm…

Still unreachable

The connection could not be restored.

Session expired

The server has moved on; the page needs a fresh start.